 Dungeon Crawl Stone Soup version 0.24-a0-613-g1ff6aac338 (webtiles) character file.

Game seed: 7571273556613159243, levelgen mode: deterministic

306 LabCoat the Chopper (level 6, -2/53 HPs)
             Began as a Hill Orc Fighter on Sept 12, 2019.
             Killed by divine providence
             ... invoked by an orc priest
              (11 damage)
             ... on level 4 of the Dungeon.
             The game lasted 00:14:19 (3529 turns).

LabCoat the Chopper (Hill Orc Fighter)              Turns: 3529, Time: 00:14:21

Health: -2/53      AC: 12    Str: 24    XL:     6   Next: 39%
Magic:  6/6        EV:  7    Int:  8    God:
Gold:   152        SH: 10    Dex: 10    Spells: 5/5 levels left

rFire    + . .     SeeInvis .   a - +0 war axe
rCold    x . .     Gourm    .   c - +0 shield
rNeg     . . .     Faith    .   b - +0 scale mail
rPois    .         Spirit   .   (no helmet)
rElec    .         Reflect  .   r - +0 cloak
rCorr    +         Harm     .   e - +1 pair of gloves {Str+3}
MR       .....                  t - +1 pair of boots
Stlth    ..........             (no amulet)
HPRegen  0.17/turn              i - ring of resist corrosion
MPRegen  0.10/turn              o - ring of fire

@: no status effects
A: no striking features
a: Convert to Beogh


You were on level 4 of the Dungeon.
You were not hungry.

You visited 1 branch of the dungeon, and saw 4 of its levels.

You collected 152 gold pieces.

Inventory:

Hand Weapons
 a - a +0 war axe (weapon)
Missiles
 g - 2 silver javelins (quivered)
Armour
 b - a +0 scale mail (worn)
 c - a +0 shield (worn)
 e - a +1 pair of gloves of strength (worn)
 r - a +0 cloak (worn)
 t - a +1 pair of boots (worn)
 w - a +0 chain mail
Jewellery
 i - a ring of resist corrosion (left hand)
 o - a ring of fire (right hand)
 s - a +3 ring of protection
 u - an uncursed ring of fire
Wands
 l - a wand of polymorph (13)
Scrolls
 h - 2 scrolls of blinking
 j - 2 scrolls of fear {unknown}
 m - a scroll of immolation {unknown}
 n - 2 scrolls of fog {unknown}
 v - a scroll of noise {unknown}
 x - 2 scrolls of remove curse
Potions
 d - 5 potions of might
 k - 2 potions of heal wounds {unknown}
 p - a potion of mutation {unknown}
 q - a potion of haste {unknown}
Comestibles
 f - 6 rations
 z - 5 chunks of flesh


   Skills:
 + Level 4.5 Fighting
 * Level 6.6 Axes
 + Level 4.0 Armour
 + Level 4.5 Shields


You had 5 spell levels left.
You didn't know any spells.
Your spell library was empty.

Dungeon Overview and Level Annotations

Branches:
Dungeon (4/15)
 Temple: D:4-7

Altars:

Annotations:
D:3 Crazy Yiuf


Message History

The orc priest is moderately wounded.
You closely miss the orc. You barely miss the orc wizard.
The orc wizard casts a spell.
The orc wizard flickers and vanishes!
Deactivating autopickup; reactivate with Ctrl-A.
The orc priest mumbles some strange prayers to Beogh against you.
Beogh smites you! The orc completely misses you.
You hear some strange, mumbled words.
A puff of frost appears from out of thin air!
You block the puff of frost.
The orc priest invokes the aid of Beogh against you.
Beogh smites you!
* * * LOW HITPOINT WARNING * * *
You slash the orc priest!
The orc priest is almost dead.
You barely miss the orc. You closely miss something.
Something hits you but does no damage. You block the orc's attack.
The orc priest mumbles some strange prayers to Beogh against you.
Beogh smites you!
You die...

.............>.....<.#
......................
##########...........(
##........... ####
##....).....
###..######...รท.....
#####.................##
#......{.........####.##
......o@o######### ##.#
#........# ##.
###.....## ## #.....# #
#.....# #....## .[=..
##...#


You could see an orc priest and an orc.

Vanquished Creatures
  A hound (D:4)
  A bullfrog skeleton (D:4)
  Ijyb (D:2)
  Jessica (D:3)
  Natasha (twice) (D:2)
  A gnoll (D:2)
  4 adders
  An ooze (D:2)
  3 worms
  2 dart slugs
  3 leopard geckos
  An orc (D:3)
  A ball python (D:3)
  2 giant cockroaches
  8 hobgoblins
  8 jackals
  A quokka (D:3)
  11 bats
  7 frilled lizards
  11 goblins
  10 kobolds
  7 rats
87 creatures vanquished.

Notes
Turn   | Place    | Note
-------+----------+-------------------------------------------
     0 | D:1      | LabCoat the Hill Orc Fighter began the quest for the Orb.
     0 | D:1      | Reached XP level 1. HP: 19/19 MP: 1/1
   265 | D:1      | Reached XP level 2. HP: 26/27 MP: 2/2
   293 | D:1      | Reached skill level 3 in Axes
   714 | D:2      | Reached XP level 3. HP: 33/33 MP: 3/3
  1056 | D:2      | Noticed Natasha
  1062 | D:2      | Killed Natasha
  1062 | D:2      | Reached skill level 4 in Axes
  1062 | D:2      | Reached XP level 4. HP: 32/40 MP: 4/4
  1356 | D:2      | Noticed Ijyb
  1381 | D:2      | Killed Ijyb
  1562 | D:2      | Reached skill level 5 in Axes
  1562 | D:2      | Reached XP level 5. HP: 45/46 MP: 5/5
  1720 | D:2      | Noticed Natasha
  1730 | D:2      | Killed Natasha
  2015 | D:3      | Noticed Jessica
  2018 | D:3      | Killed Jessica
  2220 | D:3      | Reached skill level 6 in Axes
  2436 | D:3      | Reached XP level 6. HP: 53/53 MP: 6/6
  2736 | D:3      | Found a runed translucent door.
  2737 | D:3      | Noticed Crazy Yiuf
  2744 | D:3      | Paralysed by Crazy Yiuf for 5 turns
  3529 | D:4      | Killed from afar by an orc priest

Levels and vault maps discovered:
D:1:      wander_arrival_abandoned_jail, layout_basic
D:2:      kennysheep_the_goblin_king, layout_loops_corners, first_ration,
          cheibrodos_gnoll_hut, uniq_natasha
D:3:      layout_loops_ring, uniq_jessica, uniq_crazy_yiuf_cottage
D:4:      kennysheep_big_flooded_room, layout_cave_pods, temple_pool_b,
          uniq_ijyb, uniq_sigmund, uniq_menkaure

Skill      XL: |  1  2  3  4  5  6 |
---------------+-------------------+-----
Axes           | 3 4 5 6 |  6.6
Fighting       | 4 |  4.5
Shields        | 4 |  4.5
Armour         | 4 |  4.0

Action                   |  1- 3 |  4- 6 || total
-------------------------+-------+-------++-------
Melee: War axe           |   121 |   160 ||   281
       Unarmed           |       |    17 ||    17
  Use: Scroll            |       |     7 ||     7
       Potion            |       |     1 ||     1
 Stab: Confused          |       |     2 ||     2
  Eat: Chunk             |     1 |     6 ||     7
       Ration            |       |     1 ||     1
Armor: Scale mail        |    74 |    80 ||   154
       Skin              |       |     2 ||     2
Dodge: Dodged            |    44 |    55 ||    99
Block: Shield            |    80 |   117 ||   197

Table legend:
 A = Non-vault XP
 B = Vault XP
 C = Vault XP percentage of total XP
 D = Non-vault monster count
 E = Vault monster count
 F = Vault count percentage of total count
                 A         B        C        D         E       F
            +---------+---------+-------+---------+---------+-------
      Total |     301 |     137 |  31.3 |      75 |      12 |  13.8
            +---------+---------+-------+---------+---------+-------
        D:1 |      27 |       0 |   0.0 |      18 |       0 |   0.0
        D:2 |     112 |     100 |  47.2 |      28 |      11 |  28.2
        D:3 |      58 |      37 |  38.9 |      24 |       1 |   4.0
        D:4 |     104 |       0 |   0.0 |       5 |       0 |   0.0
            +---------+---------+-------+---------+---------+-------
